 Dungeon Crawl Stone Soup version 0.30-a0-586-g23e55c9e0a (webtiles) character file.

Game seed: 16918908407748383711

5749 porpoise the Protected (level 10, -1/83 HPs)
             Began as a Gnoll Wanderer on Jan 4, 2023.
             Was an Initiate of Sif Muna.
             Collided with a rock wall (11 damage)
             ... caused by Erica
             ... on level 9 of the Dungeon.
             The game lasted 00:29:06 (8037 turns).

porpoise the Protected (Gnoll Wanderer)             Turns: 8037, Time: 00:29:06

Health: -1/83      AC: 11    Str: 16    XL:     10   Next: 77%
Magic:  19/19      EV: 14    Int: 12    God:    Sif Muna [......]
Gold:   542        SH:  0    Dex: 17    Spells: 21/21 levels left

rFire   . . .      SeeInvis .    a - +1 demon whip (venom)
rCold   . . .      Faith    .    (no shield)
rNeg    + . .      Spirit   .    C - +3 ring mail {rPois}
rPois   +          Reflect  .    n - +0 helmet
rElec   .          Harm     .    (no cloak)
rCorr   .          Rampage  .    (no gloves)
Will    .....                    (no boots)
Stlth   +++                      X - amulet of regeneration
HPRegen 1.13/turn                f - ring of positive energy
MPRegen 0.16/turn                K - +6 ring of dexterity

@: studying Summonings
A: fangs 1, strong nose, distributed training
a: Renounce Religion


You were on level 9 of the Dungeon.
You worshipped Sif Muna.
Sif Muna was noncommittal.
You visited 2 branches of the dungeon, and saw 10 of its levels.

You collected 542 gold pieces.

Inventory:

Hand Weapons
 a - a +1 demon whip of venom (weapon)
 b - a +0 sling
 d - a +2 spear of venom
 w - a +0 quarterstaff
 O - a +0 broad axe
Missiles
 s - 5 silver javelins
 u - 8 javelins (quivered)
 v - 12 poisoned darts
 B - 4 atropa-tipped darts
 P - 4 boomerangs
Armour
 n - a +0 helmet (worn)
 y - a +2 scale mail
 C - a +3 ring mail of poison resistance (worn)
 N - +0 acid dragon scales
Jewellery
 f - a ring of positive energy (left hand)
 K - a +6 ring of dexterity (right hand)
 L - a ring of poison resistance
 S - a +6 ring of strength
 X - an amulet of regeneration (around neck)
Wands
 A - a wand of flame (15)
 M - a wand of paralysis (9)
 Q - a wand of light (9)
 T - a wand of polymorph (10)
 U - a wand of digging (6)
 Y - a wand of roots (13)
Scrolls
 c - 3 scrolls of fog
 i - 2 scrolls of vulnerability
 j - 3 scrolls of teleportation
 l - a scroll of immolation
 m - a scroll of magic mapping
 o - a scroll of blinking {unknown}
 r - 3 scrolls of fear
 x - a scroll of enchant weapon {unknown}
 E - a scroll of brand weapon {unknown}
 F - a scroll of poison {unknown}
 I - a scroll of amnesia {unknown}
 J - 2 scrolls of enchant armour
 R - a scroll of noise {unknown}
 W - a scroll of torment {unknown}
Potions
 e - 4 potions of brilliance
 g - 2 potions of curing
 h - 3 potions of flight
 k - a potion of ambrosia
 p - a potion of heal wounds
 q - 2 potions of attraction
 t - a potion of might
 z - a potion of resistance
 D - a potion of mutation
 G - a potion of berserk rage {unknown}
 H - 2 potions of magic {unknown}
 Z - a potion of lignification {unknown}


   Skills:
 + Level 9.2 Fighting
 + Level 6.3 Short Blades
 + Level 6.3 Long Blades
 + Level 6.3 Axes
 + Level 6.3 Maces & Flails
 + Level 6.3 Polearms
 + Level 6.9 Staves
 + Level 6.3 Ranged Weapons
 + Level 6.3 Throwing
 + Level 10.6 Armour
 + Level 6.9 Dodging
 + Level 6.3 Stealth
 + Level 6.3 Shields
 + Level 6.3 Unarmed Combat
 + Level 6.3 Spellcasting
 + Level 5.2 Conjurations
 + Level 5.2 Hexes
 + Level 6.3 Summonings
 + Level 5.2 Necromancy
 + Level 5.2 Translocations
 + Level 5.2 Transmutations
 + Level 5.2 Fire Magic
 + Level 5.2 Ice Magic
 + Level 5.2 Air Magic
 + Level 5.2 Earth Magic
 + Level 5.2 Poison Magic
 + Level 7.5 Invocations
 + Level 6.3 Evocations


You had 21 spell levels left.
You didn't know any spells.
Your spell library contained the following spells:

 Spells                   Type           Power      Damage    Failure   Level
 Shock                    Conj/Air       64%        1d7       3%          1
 Slow                     Hex            64%        N/A       3%          1
 Confusing Touch          Hex            16%        N/A       10%         3
 Hailstorm                Conj/Ice       16%        3d6       10%         3
 Swiftness                Air            16%        N/A       10%         3
 Vampiric Draining        Necr           16%        2d7       10%         3
 Airstrike                Air            8%         2d(2-18)  32%         4
 Ice Form                 Ice/Tmut       16%        N/A       32%         4
 Simulacrum               Ice/Necr       8%         N/A       99%         6


Dungeon Overview and Level Annotations

Branches:
Dungeon (9/15)             Temple (1/1) D:7
   Lair: D:8-11         Orc: D:9-12

Altars:
Ashenzari
Cheibriados
Dithmenos
Elyvilon
Fedhas
Gozag
Hepliaklqana
Kikubaaqudgha
Makhleb
Nemelex Xobeh
Okawaru
Qazlal
Ru
Sif Muna
Trog
Uskayaw
Wu Jian
Xom
Yredelemnul
Zin
The Shining One

Shops:
D:1 :   D:4 =   D:5 *

Annotations:
D:9 Erica


Innate Abilities, Weirdness & Mutations

You have very sharp teeth.
Your uncanny sense of smell can sniff out nearby items.
Your experience applies equally to all skills.


Message History

The killer bee is almost dead.
The killer bee stings you but does no damage. x2
You hit the killer bee.
You kill the killer bee!
Sif Muna accepts your kill.
You start waiting.
Something completely misses you.
You hit something.
You hear some strange, mumbled words.
You are confused.
You completely miss something. Your bite misses something. Something hits you!
Something burns you.
You bump into the rock wall.
You hear some strange, mumbled words.
You are more confused.
You closely miss something. Your bite misses something.
You bump into the rock wall.
Something hits you! Something burns you.
You closely miss something. Your bite misses something. Something hits you!
Something burns you.
You hit something. Your bite misses something. Something hits you.
Something burns you.
You barely miss something. Something hits you. Something burns you.
You bump into the rock wall.
Something hits you but does no damage.
You're too confused to move!
You hear some strange, mumbled words.
Something tries to affect you, but you resist.
You completely miss something. Something hits you! Something burns you.
You hit something.
You bump into the rock wall.
Something hits you. Something burns you.
You feel better.
You hear some strange, mumbled words.
Something tries to affect you, but you resist.
You closely miss something. Something hits you. Something burns you.
You miss something.
You hear some strange, mumbled words.
A lance of force appears from out of thin air!
The lance of force hits you!!
* * * LOW HITPOINT WARNING * * *
You are knocked back by the lance of force.
You slam into the rock wall!
You die...

#..##.# #.###.# #.###.#
#####.#≈#.# #.....###.#
....... #.<...###.#
....... #.......>.#
.{.....######.........#
.y..h..#.@.....[.....##
....y..#{####........#
.......#.# #........#
./.....#.# #........#
.......).# ##########
.......### .######


There were no monsters in sight!

Vanquished Creatures
  Amaemon (D:8)
  Pikel (D:4)
  Maggie (D:6)
  An orange demon (D:8)
  Grinder (D:5)
  Prince Ribbit (D:6)
  A hornet (D:7)
  3 yaks
  A wyvern (D:8)
  Edmund (D:6)
  Duvessa (D:5)
  2 ice beasts (D:7)
  An orc warrior (D:8)
  A black bear (D:6)
  A sky beast (D:7)
  2 ogres
  3 centaurs
  3 bullfrogs
  Blork the orc (D:6)
  3 necrophages
  4 scorpions
  Dowan (D:5)
  3 killer bees (D:9)
  3 howler monkeys
  A jelly (D:6)
  2 orc priests
  5 hounds
  Ijyb (D:4)
  10 iguanas
  3 orc wizards
  3 gnolls (D:5)
  9 adders
  3 white imps
  A worm (D:4)
  2 dart slugs
  24 orcs
  3 ball pythons
  8 endoplasms
  2 giant cockroaches
  4 goblins
  8 hobgoblins
  5 quokkas
  5 bats
  A frilled lizard (D:1)
  10 kobolds
  2 rats
153 creatures vanquished.

Vanquished Creatures (others)
  2 fungi (D:9)
  3 plants (D:9)
5 creatures vanquished.

Grand Total: 158 creatures vanquished

Notes
Turn   | Place    | Note
-------+----------+-------------------------------------------
     0 | D:1      | porpoise the Gnoll Wanderer began the quest for the Orb.
     0 | D:1      | porpoise set off with the following items: a +0
                  | quarterstaff, a +2 scale mail, a scroll of fog, a potion of
                  | haste.
     0 | D:1      | Reached XP level 1. HP: 23/23 MP: 2/2
     6 | D:1      | Found Ogaskiyl's Vocational Training.
   267 | D:1      | Reached XP level 2. HP: 29/29 MP: 3/3
   766 | D:2      | Found an ornate altar of the Wu Jian Council.
   846 | D:2      | Reached XP level 3. HP: 35/35 MP: 4/4
  1211 | D:2      | Reached skill level 1 in Short Blades
  1211 | D:2      | Reached skill level 1 in Long Blades
  1211 | D:2      | Reached skill level 1 in Axes
  1211 | D:2      | Reached skill level 1 in Maces & Flails
  1211 | D:2      | Reached skill level 1 in Polearms
  1211 | D:2      | Reached skill level 1 in Ranged Weapons
  1211 | D:2      | Reached skill level 1 in Throwing
  1211 | D:2      | Reached skill level 1 in Stealth
  1211 | D:2      | Reached skill level 1 in Shields
  1211 | D:2      | Reached skill level 1 in Unarmed Combat
  1211 | D:2      | Reached skill level 1 in Spellcasting
  1211 | D:2      | Reached skill level 1 in Evocations
  1298 | D:3      | Reached XP level 4. HP: 32/41 MP: 6/6
  1441 | D:3      | Noticed an ogre
  1449 | D:3      | Killed an ogre
  1450 | D:3      | Reached skill level 1 in Conjurations
  1450 | D:3      | Reached skill level 1 in Hexes
  1450 | D:3      | Reached skill level 1 in Summonings
  1450 | D:3      | Reached skill level 1 in Necromancy
  1450 | D:3      | Reached skill level 1 in Translocations
  1450 | D:3      | Reached skill level 1 in Transmutations
  1450 | D:3      | Reached skill level 1 in Fire Magic
  1450 | D:3      | Reached skill level 1 in Ice Magic
  1450 | D:3      | Reached skill level 1 in Air Magic
  1450 | D:3      | Reached skill level 1 in Earth Magic
  1450 | D:3      | Reached skill level 1 in Poison Magic
  1450 | D:3      | Reached XP level 5. HP: 32/47 MP: 7/7
  2127 | D:4      | Reached skill level 5 in Staves
  2127 | D:4      | Reached skill level 9 in Armour
  2127 | D:4      | Reached skill level 5 in Dodging
  2127 | D:4      | Reached skill level 5 in Invocations
  2127 | D:4      | Reached XP level 6. HP: 54/56 MP: 7/13
  2424 | D:4      | Reached XP level 7. HP: 62/62 MP: 14/14
  2793 | D:4      | Found Xonelask's Jewellery Shop.
  2796 | D:4      | Noticed Ijyb
  2818 | D:4      | Killed Ijyb
  2986 | D:4      | Found an iron altar of Okawaru.
  3207 | D:5      | Entered Level 5 of the Dungeon
  3302 | D:5      | Found Iffehux's Overcharged Wands.
  3413 | D:5      | Found an ornate altar of the Wu Jian Council.
  3413 | D:5      | Noticed Pikel
  3432 | D:4      | Killed Pikel
  3433 | D:4      | Reached skill level 5 in Short Blades
  3433 | D:4      | Reached skill level 5 in Long Blades
  3433 | D:4      | Reached skill level 5 in Axes
  3433 | D:4      | Reached skill level 5 in Maces & Flails
  3433 | D:4      | Reached skill level 5 in Polearms
  3433 | D:4      | Reached skill level 5 in Ranged Weapons
  3433 | D:4      | Reached skill level 5 in Throwing
  3433 | D:4      | Reached skill level 10 in Armour
  3433 | D:4      | Reached skill level 5 in Stealth
  3433 | D:4      | Reached skill level 5 in Shields
  3433 | D:4      | Reached skill level 5 in Unarmed Combat
  3433 | D:4      | Reached skill level 5 in Spellcasting
  3433 | D:4      | Reached skill level 5 in Evocations
  3433 | D:4      | Reached XP level 8. HP: 38/69 MP: 15/15
  3555 | D:5      | Noticed Grinder
  3663 | D:5      | Noticed Duvessa
  3663 | D:5      | Noticed Dowan
  3667 | D:5      | Killed Dowan
  3671 | D:5      | Killed Duvessa
  3888 | D:5      | Found an ancient bone altar of Kikubaaqudgha.
  3938 | D:5      | Found a sacrificial altar of Ru.
  4013 | D:5      | Found a snail-covered altar of Cheibriados.
  4086 | D:5      | Killed Grinder
  4087 | D:5      | Reached XP level 9. HP: 69/75 MP: 15/17
  4312 | D:5      | Found a broken altar of Ashenzari.
  4625 | D:6      | Reached skill level 5 in Summonings
  4697 | D:6      | Noticed Maggie
  4717 | D:6      | Killed Maggie
  5112 | D:6      | Noticed Prince Ribbit
  5131 | D:6      | Killed Prince Ribbit
  5317 | D:6      | Noticed Edmund
  5338 | D:6      | Killed Edmund
  5433 | D:6      | Noticed Blork the orc
  5444 | D:6      | Killed Blork the orc
  5654 | D:7      | Found a bloodstained altar of Trog.
  5654 | D:7      | Found a stormy altar of Qazlal.
  5666 | D:7      | Noticed a hornet
  5673 | D:7      | Killed a hornet
  5674 | D:7      | Reached XP level 10. HP: 79/82 MP: 18/18
  6054 | D:7      | Found a hide-covered altar of Uskayaw.
  6128 | D:7      | Found a staircase to the Ecumenical Temple.
  6143 | Temple   | Entered the Ecumenical Temple
  6192 | Temple   | Became a worshipper of Sif Muna the Loreminder
  6786 | D:8      | Reached skill level 5 in Conjurations
  6786 | D:8      | Reached skill level 5 in Hexes
  6786 | D:8      | Reached skill level 5 in Necromancy
  6786 | D:8      | Reached skill level 5 in Translocations
  6786 | D:8      | Reached skill level 5 in Transmutations
  6786 | D:8      | Reached skill level 5 in Fire Magic
  6786 | D:8      | Reached skill level 5 in Ice Magic
  6786 | D:8      | Reached skill level 5 in Air Magic
  6786 | D:8      | Reached skill level 5 in Earth Magic
  6786 | D:8      | Reached skill level 5 in Poison Magic
  7523 | D:8      | Noticed Amaemon
  7523 | D:8      | Noticed an orange demon
  7553 | D:8      | Killed Amaemon
  7568 | D:8      | Killed an orange demon
  8009 | D:9      | Noticed Erica
  8037 | D:9      | Collided with a rock wall

Illustrated notes

Levels and vault maps discovered:
D:1:      heliophobic_arrival_henge, layout_basic, nicolae_shop_vocational
D:2:      layout_loops_ring, basic_altar, hex_tiny
D:3:      layout_loops_ring
D:4:      minmay_angry_zag, layout_basic, kennysheep_little_box, serial_shops,
          nicolae_shop_trees, uniq_ijyb
D:5:      layout_basic, lemuel_doored_altar, general_overflow_altar,
          mainiacjoe_overflow_large_starburst,
          nicolae_ru_great_annihilating_truth, nicolae_shop_overcharged_wands,
          uniq_duvessa, uniq_grinder, uniq_pikel
D:6:      layout_basic, ldierk_geyser, reono_crystal_passage, minmay_crossroads,
          uniq_blork_the_orc, uniq_prince_ribbit1, uniq_edmund, uniq_maggie
D:7:      layout_loops_corners, nicolae_uskayaw_dance_hall,
          gammafunk_temple_overflow_wave, minmay_temple_entry_sparse_star,
          amcnicky_mini_rare_corridor_liquid, chequers_arboretum
D:8:      layout_loops_ring, uniq_amaemon
D:9:      layout_roguey, nicolae_vehumet_altar_sigil, dpeg_oklobed_lair,
          serial_aquarium, aquarium_bridge_square [aquarium_subvault_wall,
          aquarium_subvault_wall, aquarium_subvault_bridge,
          aquarium_subvault_bridge], aquarium_window_fake, aquarium_window_fake,
          aquarium_window_1, aquarium_view_2e, aquarium_view_2a,
          aquarium_balcony_1b, lightli_orcish_oven, uniq_erica, uniq_harold
Temple:   nicolae_temple_x_marks_the_god

Skill      XL: |  1  2  3  4  5  6  7  8  9 10 |
---------------+-------------------------------+-----
Short Blades   | 1 4 5 6 |  6.3
Long Blades    | 1 4 5 6 |  6.3
Axes           | 1 4 5 6 |  6.3
Maces & Flails | 1 4 5 6 |  6.3
Polearms       | 1 4 5 6 |  6.3
Ranged Weapons | 1 4 5 6 |  6.3
Throwing       | 1 4 5 6 |  6.3
Stealth        | 1 4 5 6 |  6.3
Shields        | 1 4 5 6 |  6.3
Unarmed Combat | 1 4 5 6 |  6.3
Spellcasting   | 1 4 5 6 |  6.3
Evocations     | 1 4 5 6 |  6.3
Staves         | 3 5 6 |  6.9
Dodging        | 3 5 6 |  6.9
Conjurations   | 1 3 4 5 |  5.2
Hexes          | 1 3 4 5 |  5.2
Summonings     | 1 3 4 5 6 |  6.3
Necromancy     | 1 3 4 5 |  5.2
Translocations | 1 3 4 5 |  5.2
Transmutations | 1 3 4 5 |  5.2
Fire Magic     | 1 3 4 5 |  5.2
Ice Magic      | 1 3 4 5 |  5.2
Air Magic      | 1 3 4 5 |  5.2
Earth Magic    | 1 3 4 5 |  5.2
Poison Magic   | 1 3 4 5 |  5.2
Invocations    | 3 5 6 7 |  7.5
Fighting       | 8 9 |  9.2
Armour         | 9 10 | 10.6

Action                   |  1- 3 |  4- 6 |  7- 9 | 10-12 || total
-------------------------+-------+-------+-------+-------++-------
Melee: Quarterstaff      |    85 |    15 |    21 |       ||   121
       Bite              |     9 |     4 |    45 |    37 ||    95
       Spear             |       |    58 |   355 |   183 ||   596
       Punch             |       |     3 |     8 |     5 ||    16
       Demon whip        |       |       |       |    39 ||    39
 Fire: Sling             |       |       |    22 |     8 ||    30
Throw: Javelin           |       |     4 |    10 |       ||    14
Evoke: Wand              |       |       |       |     1 ||     1
  Use: Scroll            |       |     9 |     8 |       ||    17
       Potion            |       |     1 |       |     4 ||     5
 Stab: Sleeping          |       |       |     5 |     8 ||    13
       Distracted        |       |       |     2 |     1 ||     3
       Invisible         |       |       |       |     1 ||     1
Armor: Scale mail        |    44 |    17 |    14 |       ||    75
       Ring mail         |       |       |    57 |    73 ||   130
Dodge: Dodged            |    46 |    23 |   131 |   141 ||   341

Table legend: (Time is in decaauts)
 A = Elapsed time spent in this place.
 B = Non-inter-level travel time spent in this place.
 C = Inter-level travel time spent in this place.
 D = Time resting spent in this place.
 E = Time spent auto-exploring this place.
 F = Levels seen in this place.
 G = Mean time per level.
                   A        B        C        D        E       F      G
               +--------+--------+--------+--------+--------+-----+--------+
         Total |   7933 |   7668 |    265 |   1411 |   4705 |  10 |  793.3 |
       Dungeon |   7876 |   7618 |    258 |   1411 |   4661 |   9 |  875.1 |
        Temple |     56 |     49 |      7 |      0 |     44 |   1 |   56.0 |
               +--------+--------+--------+--------+--------+-----+--------+

Top non-repeatable levels by time:
     D:6: 1218 daAuts
     D:7: 1182 daAuts
     D:4: 1173 daAuts
     D:8: 1038 daAuts
     D:5: 1020 daAuts
     D:3: 846 daAuts
     D:1: 735 daAuts
     D:2: 565 daAuts
     D:9: 95 daAuts
  Temple: 56 daAuts
